 Dungeon Crawl Stone Soup version 0.30-a0-365-ge7f957f1db (webtiles) character file.

Game seed: 12194976673972708076

9497 Bnni the Spear-Bearer (level 11, -7/93 HPs)
             Began as a Formicid Fighter on Nov 17, 2022.
             Was a Believer of Yredelemnul.
             Mangled by a troll (11 damage)
             ... summoned by an orange crystal statue
             ... on level 9 of the Dungeon.
             The game lasted 00:17:58 (6453 turns).

Bnni the Spear-Bearer (Formicid Fighter)            Turns: 6453, Time: 00:17:58

Health: -7/93      AC: 14    Str: 24    XL:     11   Next: 75%
Magic:  11/15      EV:  6    Int:  9    God:    Yredelemnul [**....]
Gold:   352        SH:  5    Dex: 13    Spells: 10/10 levels left

rFire   . . .      SeeInvis +    G - +4 quarterstaff (vorpal)
rCold   . . .      Faith    .    c - +0 buckler
rNeg    . . .      Spirit   .    B - +0 plate armour
rPois   .          Reflect  .    (helmet unavailable)
rElec   .          Harm     .    L - +0 cloak
rCorr   .          Rampage  .    J - +1 pair of gloves
Will    +....                    (no boots)
Stlth   ..........               h - amulet of regeneration
HPRegen 1.15/turn                r - ring of wizardry
MPRegen 0.14/turn                (no ring)

@: mighty, lethally poisoned (-7 -> -9), invisible
A: permanent stasis, dig shafts and tunnels, antennae 3, four strong arms
a: Dig, Shaft Self, Renounce Religion, Recall Undead Harvest, Dark Bargain


You were on level 9 of the Dungeon.
You worshipped Yredelemnul.
Yredelemnul was noncommittal.
You visited 2 branches of the dungeon, and saw 11 of its levels.

You collected 457 gold pieces.
You spent 105 gold pieces at shops.

Inventory:

Hand Weapons
 a - a +0 trident
 t - a +0 scythe
 G - a +4 vorpal quarterstaff (weapon)
 I - a +0 glaive
Missiles
 q - 17 poisoned darts
Armour
 c - a +0 buckler (worn)
 B - a +0 plate armour (worn)
 J - a +1 pair of gloves (worn)
 L - a +0 cloak (worn)
Jewellery
 h - an amulet of regeneration (around neck)
 k - a ring of fire
 r - a ring of wizardry (left hand)
Wands
 b - a wand of flame (32)
 s - a wand of digging (10)
 F - a wand of quicksilver (3)
 K - a wand of charming (1)
Scrolls
 e - 4 scrolls of immolation
 g - 5 scrolls of enchant weapon
 i - 9 scrolls of teleportation {unknown}
 l - 4 scrolls of enchant armour {unknown}
 n - a scroll of torment {unknown}
 p - a scroll of noise {unknown}
 v - 3 scrolls of fear {unknown}
 w - a scroll of poison {unknown}
 x - 3 scrolls of magic mapping {unknown}
 y - 2 scrolls of butterflies {unknown}
 D - a scroll of amnesia {unknown}
 H - a scroll of brand weapon {unknown}
Potions
 d - a potion of might
 f - a potion of magic
 j - 2 potions of attraction
 m - a potion of invisibility
 o - 2 potions of curing
 u - 2 potions of degeneration {unknown}
 z - 2 potions of flight
 A - 2 potions of resistance
 C - a potion of mutation {unknown}
 E - a potion of heal wounds


   Skills:
 + Level 11.1 Fighting
 * Level 13.7 Polearms
 - Level 3.2 Armour
 - Level 5.0 Shields
 + Level 6.1 Invocations


You had 10 spell levels left.
You didn't know any spells.
Your spell library contained the following spells:

 Spells                   Type           Power      Damage    Failure   Level
 Foxfire                  Conj/Fire      0%         2x1d4     96%         1
 Magic Dart               Conj           0%         1d3       96%         1
 Momentum Strike          Conj/Tloc      0%         3d8       99%         2
 Searing Ray              Conj           0%         2d4       99%         2
 Kindle Blastsparks       Fire/Tloc/Air  0%         2d10      100%        3
 Lesser Beckoning         Tloc           0%         N/A       100%        3
 Summon Guardian Golem    Hex/Summ       0%         N/A       100%        3
 Fulminant Prism          Conj/Hex       0%         3d5       100%        4
 Iskenderun's Mystic Bla  Conj/Tloc      0%         2d3       100%        4
 Fireball                 Conj/Fire      0%         3d3       100%        5
 Lee's Rapid Deconstruct  Erth           0%         3d4*      100%        5
 Starburst                Conj/Fire      0%         6d3       100%        6
 Orb of Destruction       Conj           0%         9d5       100%        7
 Spellforged Servitor     Conj/Summ      0%         N/A       100%        7
 Blink                    Tloc           Unusable   N/A       N/A         2

Dungeon Overview and Level Annotations

Branches:
Dungeon (10/15)            Temple (1/1) D:5            Lair (0/5) D:8
    Orc: D:9-12

Altars:
Ashenzari
Cheibriados
Elyvilon
Fedhas
Gozag
Hepliaklqana
Nemelex Xobeh
Okawaru
Qazlal
Ru
Sif Muna
Trog
Uskayaw
Vehumet
Wu Jian
Xom
Yredelemnul
The Shining One

Shops:
D:7 ?   D:8 :   D:9 (

Annotations:
D:9 exclusion: orange crystal statue


Innate Abilities, Weirdness & Mutations

You cannot be hasted, slowed, berserked, paralysed or teleported.
You can dig through walls and to a lower floor.
You have a pair of large antennae on your head. (SInv)
Your four strong arms can wield two-handed weapons with a shield.


Message History

* * * LOW HITPOINT WARNING * * *
You block the killer bee's attack. The killer bee closely misses you.
The killer bee barely misses you.
The killer bee stings you but does no damage.
Joseph hits the killer bee!
The killer bee dies!
The killer bee's corpse dissolves into shadows!
Maurice hits the orange crystal statue but does no damage.
The troll bites you.
* * * LOW HITPOINT WARNING * * *
The troll claws you.
* * * LOW HITPOINT WARNING * * *
The troll completely misses you.
The shadow slips into darkness.
The shadow flickers and vanishes for a moment.
You feel very mighty all of a sudden.
You feel sick.
The killer bee stings you but does no damage.
The killer bee barely misses you. You block the killer bee's attack. x2
The killer bee stings you.
* * * LOW HITPOINT WARNING * * *
You are more poisoned.
The killer bee poisons you! The shadow hits you.
* * * LOW HITPOINT WARNING * * *
Joseph misses the killer bee.
Maurice completely misses the orange crystal statue.
Your centaur zombie hits the killer bee.
Your centaur zombie misses the killer bee.
You thump the orange crystal statue!
The orange crystal statue is severely damaged.
You feel sick. The killer bee barely misses you. x2
The killer bee stings you but does no damage.
The killer bee stings you.
* * * LOW HITPOINT WARNING * * *
You block the killer bee's attack. The killer bee stings you.
* * * LOW HITPOINT WARNING * * *
The troll bites you but does no damage. The troll claws you but does no damage.
The troll claws you!
You die...
Your body rises from the dead as a mindless zombie.

#............# #####
#...........##### .....
#...#..###..#...+ #####
#...............# #
#...............# #
#...............# ####
#.......Z.......# .....
#.......yy......# .....
#......y8@T.....# .....
.....ZyWy.....##########
.........Z.Z..##.......#
..............##.......#
..............##.).....#
..............)........#
..#.###.###...##'#######
..#. #.# #...#{.....# ..
#...#...##.#


You could see an orange crystal statue (ally target), a troll (summoned, unable
to see you), a shadow (summoned), 5 killer bees, a friendly orc wizard zombie
(confused), a friendly centaur zombie (confused), the friendly Joseph the human
zombie and the friendly Maurice the human zombie.

Vanquished Creatures
  A two-headed ogre (D:8)
  The ghost of Engwar the Basher, a novice DrRe of Vehumet (D:8)
  A manticore (D:6)
  A moth of wrath (D:8)
  Joseph (D:9)
  Maurice (D:9)
  A komodo dragon (D:8)
  A spectral moth of wrath (D:8)
  A hornet (D:8)
  Grinder (D:5)
  2 wyverns (D:8)
  Sigmund (D:3)
  3 yaks (D:9)
  2 steam dragons (D:8)
  2 basilisks (D:8)
  4 water moccasins
  2 orc warriors
  3 ice beasts
  A sky beast (D:8)
  3 black bears
  An ogre (D:5)
  5 centaurs
  A phantom (D:7)
  A spectral wyvern (D:8)
  A komodo dragon zombie (D:8)
  7 bullfrogs
  A necrophage (D:6)
  3 spectral water moccasins (D:8)
  3 scorpions
  A killer bee (D:9)
  A spectral ice beast (D:8)
  A vampire bat (D:7)
  A howler monkey (D:8)
  A bullfrog zombie (D:9)
  A centaur zombie (D:9)
  7 hounds
  An orc priest (D:6)
  A gnoll bouda (D:8)
  3 jellies
  11 orc wizards
  Natasha (thrice) (D:3)
  4 iguanas
  12 adders
  7 gnolls
  A shadow imp (D:7)
  2 white imps
  An ufetubus (D:5)
  A spectral white imp (D:8)
  3 dart slugs
  30 orcs
  4 ball pythons
  4 endoplasms
  4 giant cockroaches
  9 goblins
  10 hobgoblins
  2 jackals (D:2)
  6 kobolds
  3 quokkas
  9 bats
  3 frilled lizards
  2 orc zombies (D:8)
  4 rats (D:1)
209 creatures vanquished.

Vanquished Creatures (collateral kills)
  A two-headed ogre (D:6)
  A wyvern (D:8)
  An ogre (D:6)
  A bullfrog (D:6)
  A scorpion (D:6)
  4 killer bees (D:9)
  3 hounds
  An orc wizard (D:6)
  A gnoll (D:6)
  A white imp (D:7)
  An adder zombie (D:6)
  4 orcs
  A ball python (D:2)
  2 bats (D:7)
  2 jackals (D:2)
25 creatures vanquished.

Vanquished Creatures (others)
  A two-headed ogre zombie (D:6)
  A wyvern zombie (D:8)
  A centaur zombie (D:6)
  A bullfrog zombie (D:6)
  A basilisk zombie (D:8)
  A scorpion zombie (D:6)
  2 killer bee zombies (D:9)
  A sky beast zombie (D:8)
  A hound zombie (D:6)
  A steam dragon zombie (D:8)
  2 adder zombies (D:6)
  A bat zombie (D:7)
  4 gnoll zombies
  11 orc zombies
29 creatures vanquished.

Grand Total: 263 creatures vanquished

Notes
Turn   | Place    | Note
-------+----------+-------------------------------------------
     0 | D:1      | Bnni the Formicid Fighter began the quest for the Orb.
     0 | D:1      | Reached XP level 1. HP: 18/18 MP: 1/1
   194 | D:1      | Reached XP level 2. HP: 24/24 MP: 2/2
   383 | D:1      | Reached XP level 3. HP: 19/29 MP: 3/3
   749 | D:2      | Reached skill level 5 in Shields
   749 | D:2      | Reached XP level 4. HP: 37/37 MP: 4/4
   797 | D:2      | Reached skill level 3 in Polearms
  1187 | D:3      | Noticed Sigmund
  1196 | D:3      | Killed Sigmund
  1197 | D:3      | Reached skill level 4 in Polearms
  1197 | D:3      | Reached XP level 5. HP: 37/43 MP: 5/5
  1197 | D:3      | Reached XP level 6. HP: 42/49 MP: 6/6
  1310 | D:3      | Noticed Natasha
  1319 | D:3      | Killed Natasha
  1371 | D:3      | Found a radiant altar of Vehumet.
  1483 | D:3      | Noticed Natasha
  1488 | D:3      | Killed Natasha
  1489 | D:3      | Reached skill level 5 in Polearms
  1733 | D:3      | Noticed Natasha
  1738 | D:3      | Killed Natasha
  1771 | D:4      | Reached skill level 5 in Fighting
  1771 | D:4      | Reached XP level 7. HP: 49/56 MP: 7/7
  1887 | D:4      | Found an iron altar of Okawaru.
  1950 | D:4      | Reached skill level 6 in Polearms
  2285 | D:5      | Entered Level 5 of the Dungeon
  2344 | D:5      | Found a staircase to the Ecumenical Temple.
  2347 | D:5      | Noticed Grinder
  2373 | D:5      | Killed Grinder
  2374 | D:5      | Reached skill level 7 in Polearms
  2374 | D:5      | Reached XP level 8. HP: 62/64 MP: 8/8
  2376 | Temple   | Entered the Ecumenical Temple
  2451 | Temple   | Became a worshipper of Yredelemnul the Dark
  2635 | D:5      | Reached * piety under Yredelemnul
  2873 | D:6      | Reached skill level 8 in Polearms
  3006 | D:6      | Reached XP level 9. HP: 42/72 MP: 9/9
  3131 | D:6      | Noticed a two-headed ogre
  3141 | D:6      | Killed a two-headed ogre
  3142 | D:6      | Reached skill level 9 in Polearms
  3195 | D:6      | Reached ** piety under Yredelemnul
  3205 | D:6      | Reached skill level 10 in Polearms
  3238 | D:6      | Noticed a manticore
  3252 | D:6      | Killed a manticore
  3253 | D:6      | Reached XP level 10. HP: 15/82 MP: 10/10
  3591 | D:6      | Reached skill level 11 in Polearms
  4342 | D:7      | Found Maschoit's Magic Scroll Shoppe.
  4350 | D:7      | Bought a scroll of enchant weapon for 105 gold pieces
  4891 | D:8      | Reached skill level 1 in Invocations
  5013 | D:8      | Reached skill level 12 in Polearms
  5062 | D:8      | Noticed a komodo dragon
  5074 | D:8      | Killed a komodo dragon
  5075 | D:8      | Reached skill level 10 in Fighting
  5148 | D:8      | Found a staircase to the Lair.
  5264 | D:8      | Noticed a two-headed ogre
  5276 | D:8      | Killed a two-headed ogre
  5277 | D:8      | Reached XP level 11. HP: 91/91 MP: 13/13
  5353 | D:8      | Found an ornate altar of the Wu Jian Council.
  5384 | D:8      | Found a hazy altar of Hepliaklqana.
  5407 | D:8      | Found a transporter.
  5417 | D:8      | Noticed Engwar's ghost (novice DrRe)
  5423 | D:8      | Noticed a moth of wrath
  5429 | D:8      | Found a transporter.
  5445 | D:8      | Killed a moth of wrath
  5446 | D:8      | Killed Engwar's ghost
  5447 | D:8      | Reached skill level 13 in Polearms
  5447 | D:8      | Reached skill level 5 in Invocations
  5652 | D:8      | Found Ysoklor's Book Emporium.
  5763 | D:9      | Found Jeluxin's Antique Weapon Emporium.
  5852 | D:9      | Noticed an orange crystal statue
  5866 | D:9      | Noticed a two-headed ogre
  5931 | D:10     | Entered Level 10 of the Dungeon
  6160 | D:9      | Identified the +1 chain mail of Teatz {rF+ Str-3 Int+4}
  6205 | D:9      | Noticed Joseph
  6214 | D:9      | Killed Joseph
  6381 | D:9      | Noticed Maurice
  6416 | D:9      | Killed Maurice
  6449 | D:9      | HP: 4/93 [troll[an orange crystal statue] (4)]
  6453 | D:9      | Mangled by a troll

Illustrated notes

Levels and vault maps discovered:
D:1:      wander_arrival_chamber, layout_basic, chequers_serial_rivers_marsh,
          nrook_mini_backslash
D:2:      layout_rooms
D:3:      layout_loops_cross, vehumet_crystals, uniq_sigmund, uniq_natasha
D:4:      layout_cave_pools, mainiacjoe_overflow_concentric_impassable,
          kennysheep_generic_room_3
D:5:      layout_rooms, minmay_temple_entry_large_hall, uniq_grinder
D:6:      minmay_opposing_rooms, layout_basic, nicolae_overflow_hidden_temple,
          kennysheep_generic_room_8
D:7:      layout_loops_corners, serial_shops, shop_fountains,
          serial_park_tiny_1, roderic_batcave
D:8:      layout_basic, mainiacjoe_overflow_large_starburst, erik_lair_dragon,
          gammafunk_ghost_berserking_beasts, serial_shops,
          nicolae_shop_window_shopping
D:9:      layout_stronghold, serial_shops, shop, minivault_16, minivault_10,
          uniq_maurice, uniq_joseph
D:10:     layout_grid_maze, kiku_gazebo_garden_becter
Temple:   nicolae_temple_superstar

Skill      XL: |  1  2  3  4  5  6  7  8  9 10 11 |
---------------+----------------------------------+-----
Shields        | 5 |  5.0
Polearms       | 4 5 7 8 10 12 13 | 13.7
Fighting       | 4 5 6 7 8 10 11 | 11.1
Invocations    | 3 6 |  6.1
Armour         | |  3.2

Action                   |  1- 3 |  4- 6 |  7- 9 | 10-12 || total
-------------------------+-------+-------+-------+-------++-------
Melee: Trident           |   102 |    44 |       |       ||   146
       Halberd           |       |    38 |   243 |   301 ||   582
       Quarterstaff      |       |       |       |    34 ||    34
Throw: Dart              |       |     1 |     4 |     7 ||    12
       Throwing net      |       |       |       |     2 ||     2
Invok: Recall Undead Har |       |       |       |     1 ||     1
 Abil: Dig               |       |       |       |     1 ||     1
  Use: Potion            |       |     1 |       |     8 ||     9
       Scroll            |       |       |     6 |     5 ||    11
 Stab: Distracted        |       |       |     1 |     1 ||     2
       Held in net/web   |       |       |       |     2 ||     2
Armor: Scale mail        |    40 |    26 |    82 |    12 ||   160
       Plate armour      |       |       |       |   195 ||   195
       Chain mail        |       |       |       |     6 ||     6
Dodge: Dodged            |    40 |    28 |    91 |   114 ||   273
Block: Buckler           |    25 |    14 |    60 |    76 ||   175

Table legend: (Time is in decaauts)
 A = Elapsed time spent in this place.
 B = Non-inter-level travel time spent in this place.
 C = Inter-level travel time spent in this place.
 D = Time resting spent in this place.
 E = Time spent auto-exploring this place.
 F = Levels seen in this place.
 G = Mean time per level.
                   A        B        C        D        E       F      G
               +--------+--------+--------+--------+--------+-----+--------+
         Total |   6507 |   6261 |    246 |    109 |   4377 |  11 |  591.5 |
       Dungeon |   6413 |   6184 |    229 |    109 |   4322 |  10 |  641.3 |
        Temple |     93 |     76 |     17 |      0 |     55 |   1 |   93.0 |
               +--------+--------+--------+--------+--------+-----+--------+

Top non-repeatable levels by time:
     D:6: 1144 daAuts
     D:8: 872 daAuts
     D:7: 836 daAuts
     D:9: 726 daAuts
     D:1: 719 daAuts
     D:3: 609 daAuts
     D:4: 544 daAuts
     D:5: 487 daAuts
     D:2: 471 daAuts
  Temple: 93 daAuts
    D:10: 1 daAuts
